 Dungeon Crawl Stone Soup version 0.23.2-40-g277498a001 (webtiles) character file.

Game seed: 15351008270708897831

196 Martska the Ducker (level 5, -1/40 HPs)
             Began as a Merfolk Ice Elementalist on Sept 29, 2019.
             Was a Follower of the Shining One.
             Slain by an orc
             ... wielding a +0 club
              (7 damage)
             ... on level 2 of the Dungeon.
             The game lasted 00:15:34 (4138 turns).

Martska the Ducker (Merfolk Ice Elementalist)       Turns: 4138, Time: 00:15:35

Health: -1/40      AC:  3    Str:  8    XL:     5   Next: 75%
Magic:  2/8        EV: 14    Int: 14    God:    the Shining One [*.....]
Gold:   79         SH:  0    Dex: 16    Spells: 8/9 levels left

rFire    . . .     SeeInvis .   s - +0 spear
rCold    . . .     Gourm    .   (no shield)
rNeg     . . .     Faith    .   j - +0 leather armour
rPois    .         Spirit   .   (no helmet)
rElec    .         Reflect  .   (no cloak)
rCorr    .         Harm     +   (no gloves)
MR       .....                  (no boots)
Stlth    +.........             k - amulet of harm
HPRegen  0.13/turn              (no ring)
MPRegen  0.11/turn              (no ring)

@: very slightly contaminated, glowing
A: change form in water, swift swim, stealthy swim
a: Renounce Religion


You were on level 2 of the Dungeon.
You worshipped the Shining One.
The Shining One was aware of your devotion.
You were near starving.

You visited 1 branch of the dungeon, and saw 3 of its levels.

You collected 79 gold pieces.

Inventory:

Hand Weapons
 b - a +0 dagger
 c - a +0 mace of draining
 e - a +0 whip
 f - a +0 hand axe
 r - a +0 war axe
 s - a +0 spear (weapon)
Missiles
 p - 6 javelins (quivered)
Armour
 a - a +0 robe
 j - a +0 leather armour (worn)
Jewellery
 k - an amulet of harm (around neck)
Wands
 o - a wand of polymorph (7)
Scrolls
 d - 2 scrolls of identify {unknown}
 g - 2 scrolls of remove curse {unknown}
 i - a scroll of teleportation {unknown}
 l - a scroll of enchant armour {unknown}
Potions
 h - 2 potions of might {unknown}
 m - a potion of heal wounds {unknown}
 n - 2 potions of degeneration {unknown}
 q - a potion of ambrosia {unknown}


   Skills:
 * Level 2.9 Fighting
 * Level 1.8 Polearms
 + Level 4.4 Dodging
 + Level 3.1 Stealth
 + Level 2.6 Spellcasting
   Level 0.7 Conjurations
 + Level 3.8 Ice Magic


You had 8 spell levels left.
You knew the following spells:

 Your Spells              Type           Power        Failure   Level  Hunger
a - Freeze                Ice            ##..         7%          1    #......

Your spell library contained the following spells:

 Spells                   Type           Power        Failure   Level  Hunger
 Throw Frost              Conj/Ice       #.....       19%         2    ###....
 Ozocubu's Armour         Chrm/Ice       #.......     41%         3    ###....
 Throw Icicle             Conj/Ice       #.......     77%         4    #####..
 Summon Ice Beast         Ice/Summ       #.......     82%         4    #####..


Dungeon Overview and Level Annotations

Branches:
Dungeon (3/15)

Altars:
Ashenzari
Cheibriados
Fedhas
Hepliaklqana
Kikubaaqudgha
Makhleb
Nemelex Xobeh
Uskayaw
The Shining One


Message History

The orc barely misses you. The kobold hits you with a +0 club.
You climb upwards.
There is a stone staircase leading down here.
You hit the orc but do no damage.
The orc is moderately wounded.
The orc completely misses you. The orc hits you with a +0 dagger.
* * * LOW HITPOINT WARNING * * *
You hit the orc.
The orc is heavily wounded.
The kobold closely misses you. The orc closely misses you. x2
You hit the orc.
The orc is almost dead.
The kobold barely misses you. The orc hits you with a +0 club.
* * * LOW HITPOINT WARNING * * *
The orc hits you with a +0 dagger.
* * * LOW HITPOINT WARNING * * *
You barely miss the orc.
The orc is almost dead.
The kobold completely misses you. The orc hits you with a +0 club.
You die...

##..........#..#.#
###.##.##.
##..........##.#.#
#.......
##..........##.#.#
########
............##...#######
...#########...........#
...# #........#### ######
...# #........#
######.#.#. ...#
#####...o.o..###...#.⌠.#.⌠
...#
#........@...##.#.#.#.#.#.
...#
#........K...#.⌠.#.⌠.#.⌠.#
...#
#.....[......'..#.#.#.#.#.
...#
#.....######.'.#.⌠.#.⌠.#..
...# #.....#
#.'..#.#.#.#.#. ...#
#.....# ###.⌠.#.⌠.#.⌠.#
#### #.....# ##.#.#.#.#.#.
# #.....# ##...#.⌠.#.⌠ #
#.....# ######(#.#.


You could see 2 orcs and a kobold.

Vanquished Creatures
  A vampire bat (D:2)
  An orc wizard (D:3)
  Terence (D:2)
  3 gnolls
  2 worms (D:2)
  2 dart slugs
  3 leopard geckos
  8 orcs
  3 bat skeletons (D:2)
  3 bat zombies (D:2)
  3 giant cockroaches
  5 goblins
  6 hobgoblins
  2 jackals (D:1)
  5 kobolds
  A ball python (D:1)
  7 bats
  2 rats
58 creatures vanquished.

Notes
Turn   | Place    | Note
-------+----------+-------------------------------------------
     0 | D:1      | Martska the Merfolk Ice Elementalist began the quest for
                  | the Orb.
     0 | D:1      | Reached XP level 1. HP: 13/13 MP: 3/3
   182 | D:1      | Reached skill level 3 in Dodging
   206 | D:1      | Reached XP level 2. HP: 18/20 MP: 0/5
   478 | D:1      | Reached skill level 1 in Fighting
  1015 | D:1      | Reached XP level 3. HP: 25/26 MP: 1/6
  1766 | D:2      | Found a blossoming altar of Fedhas.
  2268 | D:2      | Noticed Terence
  2277 | D:2      | Killed Terence
  2277 | D:2      | Reached skill level 4 in Dodging
  2277 | D:2      | Reached XP level 4. HP: 29/33 MP: 0/7
  2704 | D:2      | Found a snail-covered altar of Cheibriados.
  2707 | D:2      | Found a glowing golden altar of the Shining One.
  2710 | D:2      | Found a sparkling altar of Nemelex Xobeh.
  2711 | D:2      | Found a burning altar of Makhleb.
  2711 | D:2      | Found a hazy altar of Hepliaklqana.
  2713 | D:2      | Found a hide-covered altar of Uskayaw.
  2715 | D:2      | Found a shattered altar of Ashenzari.
  2809 | D:2      | Became a worshipper of the Shining One
  3611 | D:2      | Reached XP level 5. HP: 8/39 MP: 0/8
  3958 | D:2      | Found an ancient bone altar of Kikubaaqudgha.
  3982 | D:2      | Reached skill level 1 in Polearms
  4125 | D:3      | Reached * piety under the Shining One
  4138 | D:2      | Slain by an orc

Skill      XL: |  1  2  3  4  5 |
---------------+----------------+-----
Dodging        | 3 4 |  4.4
Fighting       | 1 2 |  2.9
Polearms       | 1 |  1.8
Stealth        | 3 |  3.1
Spellcasting   | |  2.6
Conjurations   | |  0.7
Ice Magic      | |  3.8

Action                   |  1- 3 |  4- 6 || total
-------------------------+-------+-------++-------
Melee: Unarmed           |     5 |       ||     5
       Dagger            |    27 |     4 ||    31
       Spear             |       |    46 ||    46
 Cast: Freeze            |    72 |    42 ||   114
  Eat: Ration            |     3 |       ||     3
Armor: Robe              |     5 |       ||     5
       Leather armour    |    15 |    97 ||   112
Dodge: Dodged            |    75 |   199 ||   274
